 Dungeon Crawl Stone Soup version 0.22-b1-26-g9dbaab1 (webtiles) character file.

1038 MTVSty1e the Cleaver (level 8, -5/64 HPs)
             Began as a Minotaur Fighter on Aug 7, 2018.
             Was a Believer of Okawaru.
             Slain by a tentacled starspawn (27 damage)
             ... on level 1 of the Abyss.
             The game lasted 00:04:45 (3376 turns).

MTVSty1e the Cleaver (Minotaur Fighter)             Turns: 3376, Time: 00:04:46

Health: -5/64      AC:  8    Str: 23    XL:     8   Next: 4%
Magic:  7/7        EV:  7    Int:  5    God:    Okawaru [**....]
Gold:   322        SH:  9    Dex: 10    Spells: 7/7 levels left

rFire    . . .     SeeInvis .   x - +3 war axe (chop)
rCold    . . .     Gourm    .   c - +0 shield
rNeg     . . .     Faith    .   b - +0 scale mail
rPois    .         Spirit   .   (helmet restricted)
rElec    .         Reflect  .   (no cloak)
rCorr    .         Harm     .   (no gloves)
MR       .....                  h - +0 pair of boots
Stlth    ..........             (no amulet)
HPRegen  0.20/turn              (no ring)
MPRegen  0.10/turn              (no ring)

@: no status effects
A: retaliatory headbutt, horns 2
a: Heroism, Renounce Religion


You were on level 1 of the Abyss.
You worshipped Okawaru.
Okawaru was pleased with you.
You were not hungry.

You visited 1 branch of the dungeon, and saw 5 of its levels.
You visited the Abyss 1 time.

You collected 322 gold pieces.

Inventory:

Hand Weapons
 a - a +0 war axe
 x - a +3 war axe of chopping (weapon)
Armour
 b - a +0 scale mail (worn)
 c - a +0 shield (worn)
 h - a +0 pair of boots (worn)
Jewellery
 q - a cursed -3 ring of intelligence {unknown}
 r - an uncursed ring of protection from magic {unknown}
Scrolls
 d - a scroll of enchant weapon {unknown}
 e - 3 scrolls of amnesia {unknown}
 g - 9 scrolls of identify {unknown}
 i - 2 scrolls of teleportation {unknown}
 j - 2 scrolls of remove curse {unknown}
 k - a scroll of enchant armour {unknown}
 l - 2 scrolls of immolation {unknown}
 n - a scroll of random uselessness {unknown}
 s - a scroll of magic mapping {unknown}
 u - a scroll of fog {unknown}
 y - a scroll of vulnerability {unknown}
Potions
 m - a potion of curing {unknown}
 o - a potion of flight {unknown}
 p - a potion of cancellation {unknown}
 t - a potion of lignification {unknown}
 v - a potion of invisibility {unknown}
 w - a potion of brilliance {unknown}
Comestibles
 f - 9 rations


   Skills:
 - Level 3.6 Fighting
 * Level 11.2 Axes
 - Level 3.6 Armour
 - Level 3.6 Shields


You had 7 spell levels left.
You didn't know any spells.
Your spell library was empty.

Dungeon Overview and Level Annotations

Branches:
Dungeon (5/15)
 Temple: D:4-7

Altars:
Cheibriados
Dithmenos
Nemelex Xobeh
Okawaru
Vehumet

Shops:
D:4 %

Annotations:
D:3 3 runed doors, melvinkitnick's ghost, amateur OpTm
D:5 Edmund


Innate Abilities, Weirdness & Mutations

You reflexively headbutt those who attack you in melee.
You have a pair of horns on your head.


Message History

You are too injured to fight recklessly!
You are too injured to fight recklessly!
You are too injured to fight recklessly!
You are too injured to fight recklessly!
You are too injured to fight recklessly!
You are too injured to fight recklessly!
You are too injured to fight recklessly!
You are too injured to fight recklessly!
You are too injured to fight recklessly!
You are too injured to fight recklessly!
You are too injured to fight recklessly!
You are too injured to fight recklessly!
You are too injured to fight recklessly!
You are too injured to fight recklessly!
You are too injured to fight recklessly!
Unknown command.
You hit the tentacled starspawn.
The tentacled starspawn is lightly damaged.
The tentacled starspawn bites you!!
You die...

#.# #. ....#
#..###...# #..#
#....#.#..# .#
#.....#....#..#
##..#.#..####.
#...##### #
##..#..###
##..#...# #.
#.@X##
##..##.......
##.. ..##.##
......# .#
#.#.# ## #.#.
.$.# ##


You could see a tentacled starspawn.

Vanquished Creatures
  A sky beast (D:5)
  2 ogres (D:4)
  A bullfrog (D:4)
  4 scorpions
  3 wights (D:5)
  A howler monkey (D:4)
  2 hounds (D:4)
  An orc wizard (D:4)
  2 iguanas (D:4)
  2 worker ants (D:4)
  5 gnolls
  4 adders
  2 adder skeletons
  2 worms
  2 dart slugs
  5 leopard geckos
  An orc (D:4)
  3 ball pythons
  8 bats
  6 giant cockroaches
  6 goblins
  6 hobgoblins
  3 jackals (D:1)
  6 kobolds
  2 quokkas
  A frilled lizard (D:1)
  6 rats
87 creatures vanquished.

Notes
Turn   | Place    | Note
-------+----------+-------------------------------------------
     0 | D:1      | MTVSty1e the Minotaur Fighter began the quest for the Orb.
     0 | D:1      | Reached XP level 1. HP: 19/19 MP: 0/0
   136 | D:1      | Reached skill level 3 in Axes
   142 | D:1      | Reached XP level 2. HP: 26/26 MP: 1/1
   328 | D:1      | Reached skill level 4 in Axes
   328 | D:1      | Reached XP level 3. HP: 31/31 MP: 2/2
   678 | D:2      | Found an iron altar of Okawaru.
   738 | D:2      | Became a worshipper of Warmaster Okawaru
  1097 | D:2      | Found a snail-covered altar of Cheibriados.
  1153 | D:2      | Found a sparkling altar of Nemelex Xobeh.
  1232 | D:3      | Noticed a scorpion
  1249 | D:3      | Killed a scorpion
  1249 | D:3      | Reached skill level 5 in Axes
  1249 | D:3      | Reached XP level 4. HP: 29/39 MP: 3/3
  1404 | D:3      | Found a large runed door.
  1404 | D:3      | Found a large runed door.
  1407 | D:3      | Noticed melvinkitnick's ghost (amateur OpTm)
  1442 | D:3      | Found a runed door.
  1618 | D:3      | Reached skill level 6 in Axes
  1661 | D:3      | Found a shadowy altar of Dithmenos.
  1924 | D:4      | Reached XP level 5. HP: 30/45 MP: 4/4
  2054 | D:4      | Found Dyvvuaho's Food Boutique.
  2054 | D:4      | Noticed an ogre
  2060 | D:4      | Killed an ogre
  2060 | D:4      | Reached skill level 7 in Axes
  2063 | D:4      | Reached XP level 6. HP: 51/51 MP: 5/5
  2067 | D:4      | Reached skill level 8 in Axes
  2089 | D:4      | Reached * piety under Okawaru
  2433 | D:4      | Found a large runed door.
  2435 | D:4      | Found a large runed door.
  2467 | D:4      | Found a large runed door.
  2467 | D:4      | Found a large runed door.
  2505 | D:4      | Reached skill level 9 in Axes
  2523 | D:4      | Reached XP level 7. HP: 47/57 MP: 6/6
  2960 | D:4      | Reached skill level 10 in Axes
  3114 | D:5      | Entered Level 5 of the Dungeon
  3147 | D:5      | Reached skill level 11 in Axes
  3162 | D:5      | Reached ** piety under Okawaru
  3162 | D:5      | Reached XP level 8. HP: 34/64 MP: 7/7
  3318 | D:5      | Noticed Edmund
  3319 | D:5      | Found a radiant altar of Vehumet.
  3324 | D:5      | Cast into level 1 of the Abyss (Edmund)
  3371 | Abyss:1  | Noticed a tentacled starspawn
  3376 | Abyss:1  | Slain by a tentacled starspawn

Skill      XL: |  1  2  3  4  5  6  7 |
---------------+----------------------+-----
Axes           | 3 4 5 6 7 9 11 | 11.2
Fighting       | |  3.6
Armour         | |  3.6
Shields        | |  3.6

Action                   |  1- 3 |  4- 6 |  7- 9 || total
-------------------------+-------+-------+-------++-------
Melee: War axe           |    83 |    82 |    57 ||   222
       Headbutt          |     7 |    12 |     7 ||    26
  Use: Potion            |       |     1 |       ||     1
  Eat: Chunk             |     1 |     2 |       ||     3
       Ration            |       |     1 |     1 ||     2
Armor: Scale mail        |    48 |    38 |    19 ||   105
Dodge: Dodged            |    35 |    24 |     9 ||    68
Block: Shield            |    52 |    60 |    25 ||   137
